 Dungeon Crawl Stone Soup version 0.21.1-1-g345015f (webtiles) character file.

37 inc the Sneak (level 3, -1/21 HPs)
             Began as an Octopode Enchanter on Apr 23, 2018.
             Slain by a rat (2 damage)
             ... on level 2 of the Dungeon.
             The game lasted 00:01:05 (1254 turns).

inc the Sneak (Octopode Enchanter)                  Turns: 1254, Time: 00:01:05

Health: -1/21      AC:  1    Str:  7    XL:     3   Next: 41%
Magic:  6/6        EV: 13    Int: 18    God:
Gold:   70         SH:  0    Dex: 12    Spells: 3/6 levels left

rFire    . . .     SeeInvis .   a - +1 dagger
rCold    . . .     Gourm    .   (no shield)
rNeg     . . .     Faith    .   (helmet restricted)
rPois    .         Spirit   .   (no amulet)
rElec    .         Reflect  .   (no ring)
rCorr    .         Harm     .   (no ring)
MR       .....                  (no ring)
Stlth    +++.......             (no ring)
HPRegen  0.07/turn              (no ring)
MPRegen  0.10/turn              (no ring)
                                (no ring)
                                (no ring)

@: no status effects
A: almost no armour, stealthy swim, amphibious, 8 rings, constrict 8, camouflage
1, gelatinous body 1
a: no special abilities


You were on level 2 of the Dungeon.
You were not hungry.

You visited 1 branch of the dungeon, and saw 2 of its levels.

You collected 70 gold pieces.

Inventory:

Hand Weapons
 a - a +1 dagger (weapon)
Jewellery
 k - a +3 ring of intelligence {unknown}
Scrolls
 e - 2 scrolls of magic mapping {unknown}
 f - a scroll of amnesia {unknown}
 m - a scroll of identify {unknown}
Potions
 d - a potion of cancellation {unknown}
 g - a potion of degeneration {unknown}
 h - 2 potions of brilliance {unknown}
 i - a potion of agility {unknown}
 j - a potion of haste {unknown}
 l - a potion of flight {unknown}
Books
 b - a book of Maledictions

   Spells                             Type                      Level
   a - Corona                         Hexes                        1
   b - Ensorcelled Hibernation        Hexes/Ice                    2
   c - Confuse                        Hexes                        3
   d - Tukima's Dance                 Hexes                        3
   e - Dazzling Spray                 Conjuration/Hexes            3
Comestibles
 c - 3 rations


   Skills:
 - Level 2.5 Short Blades
 - Level 2.0 Dodging
 - Level 4.0 Stealth
 - Level 2.0 Spellcasting
 + Level 3.5 Hexes


You had 3 spell levels left.
You knew the following spells:

 Your Spells              Type           Power        Failure   Level  Hunger
a - Corona                Hex            ##.....      4%          1    #......
b - Ensorcelled Hibernat  Hex/Ice        #.....       13%         2    ###....


Dungeon Overview and Level Annotations

Branches:
Dungeon (2/15)

Altars:


Innate Abilities, Weirdness & Mutations

You cannot wear most types of armour.
You are very stealthy in the water. (Stealth+)
You are amphibious.
You can wear up to eight rings at the same time.
You can use your tentacles to constrict eight enemies at once.
Your skin changes colour to match your surroundings (Stealth+).
Your rubbery body absorbs attacks. (AC +1, EV +1)


Message History

You hit the ooze but do no damage.
The ooze is almost dead.
The rat bites you. The kobold barely misses you. The ooze hits you.
* * * LOW HITPOINT WARNING * * *
You barely miss the ooze.
The ooze is almost dead.
The rat closely misses you. The kobold closely misses you.
The ooze barely misses you.
You hit the ooze.
You kill the ooze!
The rat bites you.
* * * LOW HITPOINT WARNING * * *
The kobold hits you.
* * * LOW HITPOINT WARNING * * *
The kobold barely misses you.
There is an open door here.
You hit the rat. You grab the rat. You squeeze the rat, but do no damage.
The rat is moderately wounded.
You constrict the rat. The rat bites you.
You die...

#.# #.# #.# ############# #.#
##...........# #.#
.............# #.#
#...........# #.#
##...........#########.######
............Kr@..)............
#...........#########.#######
#...........#########.#
#......................
###..........########.##
..........<...$.... ...
###......(...###.## ###
#..........# #..........#


You could see a kobold and a rat.

Vanquished Creatures
  An adder (D:2)
  An ooze (D:2)
  A dart slug (D:1)
  A ball python (D:1)
  3 giant cockroaches (D:1)
  3 goblins
  A hobgoblin (D:2)
  3 jackals (D:1)
  A quokka (D:2)
  3 kobolds (D:1)
  3 rats (D:1)
21 creatures vanquished.

Notes
Turn   | Place    | Note
-------+----------+-------------------------------------------
     0 | D:1      | inc the Octopode Enchanter began the quest for the Orb.
     0 | D:1      | Reached XP level 1. HP: 11/11 MP: 3/3
   291 | D:1      | Reached XP level 2. HP: 16/17 MP: 5/5
   947 | D:1      | Learned a level 2 spell: Ensorcelled Hibernation
  1231 | D:2      | Reached XP level 3. HP: 21/21 MP: 6/6
  1246 | D:2      | HP: 1/21 [kobold (3)]
  1254 | D:2      | Slain by a rat

Skill      XL: |  1 |
---------------+----+-----
Short Blades   | 2 |  2.5
Dodging        | |  2.0
Stealth        | |  4.0
Spellcasting   | |  2.0
Hexes          | |  3.5

Action                   || total
-------------------------++-------
Melee: Dagger            ||    61
       Constrict         ||    15
       Tentacles         ||     3
 Stab: Sleeping          ||     5
  Eat: Chunk             ||     1
Armor: Skin              ||     1
Dodge: Dodged            ||    51
